 Dungeon Crawl Stone Soup version 0.29.1-2-gbd0b4ee654 (webtiles) character file.

Game seed: 3105652774493120106

4 llahlahkje the Trooper (level 1, -4/18 HPs)
             Began as a Demonspawn Abyssal Knight on Oct 25, 2022.
             Was a Believer of Lugonu.
             Killed from afar by a dart slug (6 damage)
             ... with a slug dart
             ... on level 1 of the Dungeon.
             The game lasted 00:01:08 (219 turns).

llahlahkje the Trooper (Demonspawn Abyssal Knight)   Turns: 219, Time: 00:01:08

Health: -4/18      AC:  3    Str: 13    XL:     1   Next: 50%
Magic:  2/2        EV: 11    Int: 11    God:    Lugonu [**....]
Gold:   11         SH:  0    Dex: 13    Spells: 0/0 levels left

rFire   . . .      SeeInvis .   a - +1 mace
rCold   . . .      Faith    .   (no shield)
rNeg    . . .      Spirit   .   b - +0 leather armour
rPois   .          Reflect  .   (no helmet)
rElec   .          Harm     .   (no cloak)
rCorr   .          Rampage  .   (no gloves)
Will    .....                   (no boots)
Stlth   +.........              (no amulet)
HPRegen 0.06/turn               (no ring)
MPRegen 0.08/turn               (no ring)

@: no status effects
A: no striking features
a: Renounce Religion, Depart the Abyss, Bend Space


You were on level 1 of the Dungeon.
You worshipped Lugonu.
Lugonu was pleased with you.
You visited 1 branch of the dungeon, and saw 1 of its levels.
You visited the Abyss 1 time.

You collected 11 gold pieces.

Inventory:

Hand Weapons
 a - a +1 mace (weapon)
Armour
 b - a +0 leather armour (worn)
Potions
 c - a potion of attraction {unknown}
 d - a potion of heal wounds {unknown}


   Skills:
 + Level 3.1 Fighting
 + Level 1.8 Maces & Flails
 + Level 1.8 Armour
 + Level 0.9 Dodging
 + Level 2.4 Invocations


You couldn't memorise any spells.
You didn't know any spells.
Your spell library was empty.

Dungeon Overview and Level Annotations

Branches:
Dungeon (1/15)

Altars:


Message History

You hit the bat.
The bat is heavily wounded.
The bat misses you. The bat hits you but does no damage.
You thump the bat!
You kill the bat!
Lugonu accepts your kill.
You barely miss the giant cockroach. The giant cockroach barely misses you.
The giant cockroach misses you.
You hit the giant cockroach.
The giant cockroach is severely wounded.
The giant cockroach closely misses you.
You closely miss the giant cockroach.
The giant cockroach is severely wounded.
The giant cockroach bites you but does no damage.
The giant cockroach bites you.
You hit the giant cockroach.
You kill the giant cockroach!
Lugonu accepts your kill. The kobold closely misses you.
You closely miss the kobold. The kobold barely misses you.
You hit the kobold but do no damage.
The kobold hits you with a +1 whip of pain.
* * * LOW HITPOINT WARNING * * *
You hit the kobold.
The kobold is severely wounded.
The kobold barely misses you.
You hit the kobold but do no damage.
The kobold is severely wounded.
The kobold closely misses you.
The kobold hits you with a +1 whip of pain.
* * * LOW HITPOINT WARNING * * *
You barely miss the kobold.
The kobold is severely wounded.
The kobold misses you.
You hit the kobold.
You kill the kobold!
Lugonu accepts your kill. The dart slug launches a dart at you.
The slug dart hits you.
You die...

...###........#.........######.
#...#........#....⌠......##...
##......[...#.........##.....
###.....w.....##.......####....
...........B...###...### #....
#..#.#....r...r# ####.### ##...
#.....#####w# ###...######.
#..###....##)# ##.......#####
.($.. #....##@# #...........#.
.##. #.....#.# #....⌠....##.. .
#...#...###.........#### ..
#...##...###.......##...
#.).###...####...###....
#.....#.#.##########.###
##.##.#.#............... #.#
.#.############.### #.# #.# #.#


You could see a dart slug and a rat.

Vanquished Creatures
  A bat (D:1)
  A giant cockroach (D:1)
  A hobgoblin (D:1)
  A kobold (D:1)
4 creatures vanquished.

Notes
Turn   | Place    | Note
-------+----------+-------------------------------------------
     0 | Abyss:1  | llahlahkje the Demonspawn Abyssal Knight began the quest
                  | for the Orb.
     0 | Abyss:1  | Reached XP level 1. HP: 18/18 MP: 2/2
     1 | Abyss:1  | Found a corrupted altar of Lugonu.
    17 | D:1      | Escaped the Abyss
   219 | D:1      | Killed from afar by a dart slug

Illustrated notes

Levels and vault maps discovered:
D:1:      dpeg_arrival_three_same_balls, layout_basic, minmay_pentomino_w2

Action                   || total
-------------------------++-------
Melee: Mace              ||    16
Armor: Leather armour    ||    13
Dodge: Dodged            ||    16
